AoeStats
← Lethallegend420

Black Forest

509928993Analyzed
4v4 RM · 5d ago on Sep 28, 2026· 53m 32s· 8 players
Game mode
Random Map
Map size
Large (8 player)
Population
200
Speed
Normal
Resources
Standard
Victory
Conquest
Starting age
Dark Age
Ending age
Imperial Age
RankedLock teamsTeams togetherTeam positionsShared explorationLock speedFull tech treeHidden civsTurbo modeCheats
Victory
Defeat
🇬🇧 Britons · United Kingdom
737
+15
🇪🇨 Danes · Ecuador
698
+16
🇳🇱 Romans · Netherlands
689
+17
🇳🇴 Bohemians · Norway
677
+17
🇲🇽 Inca · Mexico
797
-20
🇺🇦 Turks · Ukraine
745
-18
🇫🇷 Spanish · France
639
-14
🇨🇳 Britons · China
637
-13
Lethallegend420
10:58 Feudal Age
9:15 Loom
20:38 Castle Age
19:20 Wheelbarrow
23:24 Stone Mining
24:06 Ballistics
29:17 Double-Bit Axe
29:33 Murder Holes
33:13 Gold Mining
33:06 Horse Collar
33:40 Bow Saw
33:50 Fortified Wall
33:51 Masonry
33:57 Forging
33:49 Scale Mail Armor
33:55 Scale Barding Armor
38:16 Imperial Age
36:05 Hand Cart
36:26 Squires
35:59 Pikeman
39:04 Iron Casting
38:45 Chain Mail Armor
39:45 Ballistas
40:03 Conscription
39:29 Heavy Scorpion
39:32 Halberdier
41:34 Chemistry
42:23 Light Cavalry
43:05 Husbandry
47:07 Bloodlines
TrolleBolIe
2:22 Loom
10:58 Feudal Age
11:28 Horse Collar
11:37 Double-Bit Axe
16:14 Arson
21:50 Castle Age
20:50 Fletching
24:17 Bow Saw
24:13 Heavy Plow
28:30 Chemistry
31:48 Imperial Age
31:41 Ballistics
33:04 Siege Engineers
34:03 Wheelbarrow
34:33 Two-Man Saw
33:54 Forging
33:45 Scale Mail Armor
33:49 Town Watch
35:14 Pikeman
36:20 Wagenburg Tactics
37:14 Houfnice
43:11 Iron Casting
42:52 Chain Mail Armor
42:54 Fervor
43:05 Sanctity
45:59 Elite Hussite Wagon
51:31 Hand Cart
51:17 Town Patrol
50:44 Halberdier
51:25 Squires
50:54 Onager
51:43 Hussite Reforms
KAISER962605
6:01 Loom
10:59 Feudal Age
12:28 Double-Bit Axe
13:19 Horse Collar
18:33 Castle Age
17:44 Gold Mining
22:51 Gold Shaft Mining
22:06 Stone Mining
22:43 Stone Mining
25:14 Heavy Plow
30:53 Imperial Age
28:38 Forging
30:01 Caravan
32:09 Stone Shaft Mining
32:21 Wheelbarrow
33:25 Chemistry
35:54 Hand Cart
35:12 Elite Jomsviking
36:23 Bow Saw
36:54 Hamask
38:10 Onager
39:36 Iron Casting
39:01 Scale Mail Armor
39:23 Ballistics
43:38 Chain Mail Armor
44:23 Blast Furnace
45:43 Capped Ram
47:47 Siege Onager
Stoepkakker
0:29 Loom
12:11 Feudal Age
16:29 Castle Age
16:58 Wheelbarrow
17:24 Fletching
19:36 Double-Bit Axe
24:10 Bow Saw
25:04 Caravan
25:26 Horse Collar
25:37 Gold Mining
25:39 Stone Mining
25:47 Bodkin Arrow
27:20 Padded Archer Armor
26:46 Pikeman
28:44 Yeomen
29:50 Squires
30:03 Town Watch
33:06 Imperial Age
32:48 Leather Archer Armor
33:01 Ballistics
32:38 Murder Holes
33:31 Gold Shaft Mining
34:06 Elite Longbowman
34:38 Man-at-Arms
36:18 Long Swordsman
36:51 Gambesons
38:06 Bracer
38:37 Ring Archer Armor
38:18 Forging
38:08 Scale Mail Armor
37:31 Two-Handed Swordsman
39:41 Champion
44:35 Iron Casting
44:15 Chain Mail Armor
45:21 Chemistry
46:24 Conscription
46:48 Arson
47:22 Chain Mail Armor
48:07 Blast Furnace
54:28 Hoardings
54:02 Warwolf
53:42 Sappers
He
0:27 Loom
12:55 Feudal Age
13:49 Double-Bit Axe
21:09 Castle Age
19:17 Horse Collar
19:54 Stone Mining
20:10 Gold Mining
28:24 Heavy Plow
33:08 Imperial Age
30:36 Town Watch
32:29 Gold Shaft Mining
32:35 Wheelbarrow
32:17 Bow Saw
33:53 Hand Cart
35:53 Conscription
38:42 Two-Man Saw
38:35 Town Patrol
38:42 Artillery
39:18 Fortified Wall
38:49 Treadmill Crane
39:49 Elite Janissary
40:45 Masonry
40:56 Ballistics
40:32 Murder Holes
44:06 Architecture
44:36 Squires
alexisben78
0:31 Loom
13:58 Feudal Age
14:27 Double-Bit Axe
24:52 Castle Age
23:06 Gold Mining
23:08 Stone Mining
23:03 Man-at-Arms
24:41 Arson
24:50 Fletching
25:13 Forging
25:36 Pikeman
29:19 Horse Collar
29:33 Long Swordsman
30:00 Gambesons
30:18 Squires
31:28 Bow Saw
36:49 Imperial Age
34:02 Light Cavalry
34:46 Husbandry
49:26 Elite Skirmisher
SENKAII
0:32 Loom
12:45 Feudal Age
14:08 Wheelbarrow
13:24 Double-Bit Axe
14:03 Horse Collar
22:33 Castle Age
24:45 Hand Cart
24:42 Bow Saw
30:37 Town Watch
31:35 Gold Mining
31:36 Stone Mining
31:54 Heavy Plow
33:23 Town Patrol
34:59 Treadmill Crane
35:30 Fortified Wall
37:54 Imperial Age
35:23 Fletching
35:34 Padded Archer Armor
34:59 Crossbowman
35:01 Elite Skirmisher
35:45 Caravan
36:19 Bodkin Arrow
36:36 Forging
36:56 Squires
36:45 Arson
36:23 Pikeman
38:31 Yeomen
39:20 Ballistics
40:01 Chemistry
39:15 Masonry
40:03 Conscription
39:08 Arbalester
41:46 Siege Engineers
41:41 Murder Holes
41:30 Elite Longbowman
42:39 Bracer
43:00 Leather Archer Armor
45:38 Ring Archer Armor
46:41 Warwolf
50:03 Architecture
49:38 Man-at-Arms
Silver
0:30 Loom
10:43 Feudal Age
11:52 Double-Bit Axe
14:30 Wheelbarrow
13:53 Horse Collar
20:23 Castle Age
18:31 Stone Mining
18:34 Gold Mining
22:09 Stone Shaft Mining
21:48 Bow Saw
22:15 Heavy Plow
22:24 Heavy Plow
27:30 Caravan
28:40 Hand Cart
31:24 Squires
31:10 Arson
30:46 Champi Runner
31:49 Ballistics
31:10 Treadmill Crane
36:21 Imperial Age
34:21 Murder Holes
35:02 Pikeman
35:02 Champi Warrior
35:09 Elite Skirmisher
37:04 Gold Shaft Mining
37:25 Conscription
37:11 Fabric Shields
38:14 Thumb Ring
37:40 Halberdier
39:05 Crop Rotation
39:11 Scale Mail Armor
39:21 Forging
39:14 Padded Archer Armor
39:04 Fletching
40:48 Chemistry
40:31 Elite Champi Warrior
42:45 Iron Casting
42:28 Chain Mail Armor
43:29 Leather Archer Armor
46:15 Blast Furnace
45:47 Plate Mail Armor
45:25 Elite Kamayuk
46:10 Andean Sling
45:31 Elite Kamayuk
46:11 Bodkin Arrow
49:41 Onager
49:41 Heavy Scorpion
51:48 Ring Archer Armor
51:20 Bracer
Connection lost

Rejoining the realm…

Still unreachable

The connection could not be restored.

Session expired

The server has moved on; the page needs a fresh start.